mava', neutral male gnomish Healer ---------- ##..<.%.....############## |...[....| # ####.....(....## # #-----.---- # ## ###### # ##@ # # . | mava' the Embalmer Experience level: 9 Strength: 13 Dexterity: 13 Constitution: 6 Intelligence: 11 Wisdom: 16 Charisma: 16 Health: 37(55) Energy: 81(81) Def: 19 Gold: 0 Moves: 8739 Dungeon seed: GW2PjJexP54NGqX_ Game ID: mava'_1557387249 Your Inventory: Amulets P - an uncursed amulet of reflection (being worn) Weapons n - a blessed +3 aklys (weapon in hand) Armor b - an uncursed -1 elven mithril-coat (being worn) d - an uncursed +0 elven shield (being worn) e - an uncursed +1 pair of leather gloves (being worn) r - an uncursed +0 elven cloak (being worn) N - an uncursed +0 pair of speed boots (being worn) Y - an uncursed +0 elven leather helm (being worn) Comestibles a - an uncursed fortune cookie g - 2 uncursed melons h - an uncursed candy bar i - an uncursed tripe ration j - a blessed eucalyptus leaf C - an uncursed cram ration E - 3 uncursed food rations Rings m - an uncursed ring of free action (on right hand) u - a cursed ring of teleport control x - an uncursed +1 ring of increase accuracy (on left hand) B - an uncursed ring of regeneration H - an uncursed ring of sustain ability R - an uncursed ring of polymorph S - an uncursed ring of see invisible Wands f - an uncursed wand of sleep (0:0) p - a blessed wand of sleep (0:6) t - an uncursed wand of slow monster (0:5) D - an uncursed wand of secret door detection (0:14) I - an uncursed wand of speed monster (0:4) J - an uncursed wand of lightning (0:0) L - an uncursed wand of striking (0:4) M - a cursed wand of magic missile (0:8) T - an uncursed wand of digging (0:7) W - an uncursed wand of enlightenment (0:10) Tools c - an uncursed stethoscope y - an uncursed towel Spells and supernatural/magical abilities: Name Level Category Fail Memory h - healing 1 healing 100% 57% x - extra healing 3 healing 100% 57% S - stone to flesh 3 healing 100% 57% W - pray for help -- divine ? -- Your skills at the end: Miscellaneous Skills shield [Basic] wands [Basic] stealth [Skilled] Weapon Skills knife [Basic] club [Skilled] crossbow [Basic] Spellcasting Skills healing spells [Basic] Final Attributes: You were devoutly aligned. You were poison resistant. You were hallucinating. Your writing hand was thoroughly cramped from overuse. You saw invisible. You had infravision. You were very stealthy. You had a +1 bonus to hit. You were protected. You were very fast. You had reflection. You had free action. You survived. Vanquished creatures: a giant mimic a warg a small mimic a large dog a crocodile an elf mummy 2 Grey-elves a giant beetle a black light a quivering blob an orc-captain a giant spider a vampire bat 2 owlbears 2 yetis a housecat 3 dust vortices a rope golem 3 soldier ants 5 bugbears 2 baby crocodiles an orc shaman 2 rock piercers 3 fog clouds a shrieker a gnomish wizard a kobold mummy an elf zombie 2 ghouls 2 paper golems 6 puppies 2 floating eyes 2 homunculi 3 kobold lords an iguana 4 rothes a rabid rat 2 centipedes 5 jitterbugs 8 orc zombies 4 dwarf zombies 2 werejackals 7 coyotes a gas spore 6 hobbits an acid blob 4 large kobolds 10 geckos 9 hobgoblins 8 giant rats 2 cave spiders 2 yellow molds a green mold a red mold a gnome 10 garter snakes 5 manes 3 gnome zombies 14 jackals 2 foxes 7 newts 6 goblins 10 sewer rats 10 grid bugs 5 lichens a kobold zombie and a partridge in a pear tree 213 creatures vanquished. Voluntary challenges: You did not cause conflict. You were not invisible. You did not have reflection until turn 6979. You were not displaced. You used a wielded weapon 373 times, starting on turn 1172. You did not apply a unicorn horn. You did not use plumbed fixtures. You read items or engraved 23 times, starting on turn 711. You never genocided any monsters. You never polymorphed an object. You never changed form. You completed Sokoban on turn 6937, according to the rules. You used no wishes. You never split a pudding. You wrote Elbereth's name 10 times, starting on turn 866. You violated your moral code, losing 1 point of alignment, starting on turn 4727. Dungeon overview: The Dungeons of Doom: levels 1 to 11 Level 1 a fountain a long staircase Level 2 a fountain Level 3 an altar to Hermes stairs to The Gnomish Mines Level 4 a fountain Level 5 a fountain Level 6 Level 7 (T) a fountain Level 8 (T) an altar to Poseidon Level 9 many fountains Level 10 an altar to Athena, a fountain stairs to Sokoban Level 11 <- You were here The Gnomish Mines: levels 4 to 6 Level 4 stairs to The Dungeons of Doom Level 5 Level 6 many shops, a temple to Athena, a magic chest, some trees Sokoban: levels 6 to 9 Level 6 a magic chest Level 7 Level 8 Level 9 a magic chest stairs to The Dungeons of Doom History has recorded: On T:1 you entered the Dungeons of Doom to retrieve the Amulet of Yendor! On T:265 you reached level 2 of The Dungeons of Doom. On T:700 you reached level 3 of The Dungeons of Doom. On T:858 you reached level 1 of The Gnomish Mines. On T:986 you reached level 2 of The Gnomish Mines. On T:1082 you prayed to Hermes. On T:1129 you reached level 3 of The Gnomish Mines. On T:2002 you entered the Minetown temple On T:2009 you opened a magic chest. On T:2528 you advanced to experience level 2. On T:2612 you advanced to experience level 3. On T:2721 you reached level 4 of The Dungeons of Doom. On T:2880 you advanced to experience level 4. On T:2938 you reached level 5 of The Dungeons of Doom. On T:3283 you reached level 6 of The Dungeons of Doom. On T:3500 you reached level 7 of The Dungeons of Doom. On T:3513 you advanced to experience level 5. On T:3757 you advanced to experience level 6. On T:4082 you reached level 8 of The Dungeons of Doom. On T:4320 you reached level 9 of The Dungeons of Doom. On T:4416 you advanced to experience level 7. On T:4492 you reached level 10 of The Dungeons of Doom. On T:5119 you reached level 4 of Sokoban. On T:5475 you reached level 3 of Sokoban. On T:5594 you advanced to experience level 8. On T:5682 you reached level 2 of Sokoban. On T:6057 you reached level 1 of Sokoban. On T:6937 you advanced to experience level 9. On T:6937 you entered the Sokoban zoo. On T:8256 you prayed to Hermes. On T:8694 you reached level 11 of The Dungeons of Doom. On T:8705 you prayed to Hermes. Score breakdown: Gold: 0 ( 0 points) Experience: 9 levels ( 800 points) Exploration: 11 levels ( 300 points) Discoveries: 32 items ( 1600 points) Variety of kills: 66 monsters ( 2000 points) Major goal: finished Sokoban ( 1000 points) Survival: quit (score multiplied by 3) Total score: 17100 Latest messages: You hit the invisible black light! The invisible black light is moderately damaged. You hit the rope golem! The rope golem is lightly damaged. You hit the invisible black light! The invisible black light is moderately damaged. The invisible black light bumps right into you! The rope golem claws you! The rope golem misses. The invisible black light explodes! You are caught in a blast of kaleidoscopic light! You are freaked out. You rebuke the dwarf lord! Bassbasskickkickbasskickkick is massively wounded. You argue with the rat-ant! The acid blob is excessively damaged. The fire giant rebukes you. The orc zombie rebukes you. You argue with the lurker above! The large dog is massively damaged. You destroy the angel of death! To quit the game, use the 'save' command (typically on 'S'). Final status: Goodbye mava' the Healer, quit... You quit in The Dungeons of Doom on dungeon level 11 with 17100 points, and 0 pieces of gold, after 8739 moves. You were level 9 with a maximum of 55 hit points when you quit.